 Dungeon Crawl Stone Soup version 0.29-a0-344-ge2f44be95a (webtiles) character file.

Game seed: 12207085213499255083

10759 spaghetti the Slinger (level 11, -5/87 (90) HPs)
             Began as a Deep Dwarf Brigand on Apr 21, 2022.
             Was an Elder of Kikubaaqudgha.
             Shot with an arrow by a tengu warrior (15 damage)
             ... on level 11 of the Dungeon.
             The game lasted 00:31:53 (12881 turns).

spaghetti the Slinger (Deep Dwarf Brigand)         Turns: 12881, Time: 00:31:54

HP:   -5/87 (90)    AC: 11    Str: 17    XL:     11   Next: 40%
MP:   15/18 (9)     EV: 18    Int: 18    God:    Kikubaaqudgha [****..]
Gold: 497           SH:  0    Dex: 18    Spells: 6/13 levels left

rFire   . . .      SeeInvis .   b - staff of death {!astaff}
rCold   . . .      Faith    .   (no shield)
rNeg    + . .      Spirit   .   O - +0 steam dragon scales
rPois   .          Reflect  .   (no helmet)
rElec   .          Harm     .   c - +1 cloak
rCorr   .          Rampage  .   (no gloves)
Will    +....                   (no boots)
Stlth   +++.......              (no amulet)
HPRegen 0.00/turn               m - ring of magical power
MPRegen 0.16/turn               S - +6 ring of intelligence

@: lightly drained
A: damage resistance, heal wounds, sense surroundings 2, no regeneration, talons
1, iridescent scales 1, agile 1
a: Heal Wounds, Renounce Religion, Receive Corpses


You were on level 11 of the Dungeon.
You worshipped Kikubaaqudgha.
Kikubaaqudgha was greatly pleased with you.
You visited 1 branch of the dungeon, and saw 11 of its levels.

You collected 573 gold pieces.
You spent 76 gold pieces at shops.


Innate Abilities, Weirdness & Mutations

You are resistant to damage.
You can heal yourself by infusing magical energy.
You passively map the area around you.
You do not regenerate.
You have sharp toenails.
You are partially covered in iridescent scales. (AC +2)
You are agile. (Dex +2)


   Skills:
 + Level 3.0 Fighting
 - Level 1.7 Short Blades
 - Level 11.2(11.3) Slings
 - Level 1.7(6.2) Throwing
 + Level 8.7 Armour
 + Level 9.7 Dodging
 - Level 5.8 Stealth
 * Level 1.6 Spellcasting
 + Level 8.7 Necromancy


You had 6 spell levels left.
You knew the following spells:

 Your Spells              Type           Power      Damage    Failure   Level
a - Vampiric Draining     Necr           49%        2d9       1%          3
b - Dispel Undead         Necr           49%        3d18      4%          4

Your spell library contained the following spells:

 Spells                   Type           Power      Damage    Failure   Level
 Animate Skeleton         Necr           98%        N/A       1%          1
 Pain                     Necr           100%       1d9       1%          1
 Sublimation of Blood     Necr           49%        N/A       1%          2
 Animate Dead             Necr           24%        N/A       4%          4
 Excruciating Wounds      Necr           24%        N/A       14%         5
 Slow                     Hex            4%         N/A       19%         1
 Ensorcelled Hibernation  Hex/Ice        2%         N/A       28%         2
 Passwall                 Tmut/Erth      0%         N/A       28%         2
 Anguish                  Hex/Necr       12%        N/A       30%         4
 Confusing Touch          Hex            1%         N/A       50%         3
 Frozen Ramparts          Ice            2%         1d2       50%         3
 Swiftness                Air            1%         N/A       50%         3
 Tukima's Dance           Hex            1%         N/A       50%         3
 Ice Form                 Ice/Tmut       1%         N/A       88%         4
 Summon Ice Beast         Ice/Summ       1%         N/A       88%         4
 Fireball                 Conj/Fire      0%         3d3       99%         5
 Freezing Cloud           Conj/Ice/Air   0%         6-21      99%         5
 Iskenderun's Battlesphe  Conj           1%         2d6       99%         5
 Simulacrum               Ice/Necr       12%        N/A       99%         6
 Conjure Ball Lightning   Conj/Air       0%         3x3d6     100%        6
 Enfeeble                 Hex            0%         N/A       100%        7
 Orb of Destruction       Conj           0%         9d5       100%        7
 Polar Vortex             Ice            0%         N/A       100%        9

Inventory:

Hand Weapons
 a - the +6 arbalest of Comnia {penet, rPois Str+4, crossbow}
   (You found it on level 6 of the Dungeon)

   Any ammunition fired by it passes through the targets it hits, potentially
   hitting all targets in its path until it reaches maximum range.
   Str:       It affects your strength (+4).
   rPois:     It protects you from poison.
 g - a +1 dagger of venom {short}
   (You took it off an orc wizard on level 10 of the Dungeon)
 j - the +4 rapier "Ninlulik" {vorpal, rF- Int+8 SInv Stlth+, short}
   (You found it on level 5 of the Dungeon)

   It inflicts extra damage upon your enemies.
   Int:       It affects your intelligence (+8).
   rF:        It makes you vulnerable to fire.
   SInv:      It lets you see invisible.
   Stlth:     It makes you more stealthy.
 s - a +2 dagger {short}
 t - a +0 war axe {axe}
   (You took it off an orc on level 4 of the Dungeon)
 w - a +3 dagger {short}
   (You took it off an orc on level 5 of the Dungeon)
 y - a +1 mace of protection {mace}
   (You took it off an orc on level 4 of the Dungeon)
 A - a +0 dagger of draining {short}
   (You took it off an orc on level 5 of the Dungeon)
 C - a +0 spectral quarterstaff {staff}
   (You found it on level 5 of the Dungeon)
 D - a +1 short sword of venom {short}
   (You took it off an orc on level 5 of the Dungeon)
 G - a +3 hunting sling {sling}
   (You found it on level 1 of the Dungeon)
 M - a +0 morningstar of flaming {mace}
   (You took it off Maggie on level 8 of the Dungeon)
 Q - a +1 scimitar of flaming {long}
   (You took it off Erica on level 8 of the Dungeon)
 Y - a +2 long sword of protection {long}
   (You took it off an orc warrior on level 10 of the Dungeon)
Missiles
 d - 19 poisoned darts (quivered) {throwing}
 e - a curare-tipped dart {=fthrowing}
 f - 290 stones {throwing}
 n - a throwing net {=f!fthrowing}
 r - 3 atropa-tipped darts {throwing}
 K - 4 boomerangs {throwing}
 P - 5 javelins {throwing}
 Z - a silver boomerang {throwing}
Armour
 c - a +1 cloak (worn)
 i - a +0 hat
   (You found it on level 1 of the Dungeon)
 l - a +0 plate armour
   (You took it off an orc warrior on level 4 of the Dungeon)
 J - a +0 robe
 O - +0 steam dragon scales (worn)
   (You took it off Maggie on level 8 of the Dungeon)
Magical Staves
 b - a staff of death (weapon) {!astaff}
   (You found it on level 6 of the Dungeon)
 I - a staff of air {!astaff}
   (You found it on level 6 of the Dungeon)
Jewellery
 h - an amulet of guardian spirit
   (You found it on level 1 of the Dungeon)
 m - a ring of magical power (left hand)
   (You found it on level 1 of the Dungeon)
 u - a +6 ring of dexterity
   (You found it on level 4 of the Dungeon)
 v - a ring of poison resistance
   (You found it on level 3 of the Dungeon)
 L - a ring of see invisible
   (You found it on level 6 of the Dungeon)
 S - a +6 ring of intelligence (right hand)
   (You found it on level 9 of the Dungeon)
 U - a ring of magical power
   (You took it off an orc wizard on level 9 of the Dungeon)
 W - a ring of protection from cold
   (You found it on level 10 of the Dungeon)
Wands
 B - a wand of digging (4)
   (You took it off an orc on level 5 of the Dungeon)
 T - a wand of flame (3)
   (You found it on level 9 of the Dungeon)
 X - a wand of charming (2)
   (You found it on level 10 of the Dungeon)
Scrolls
 o - a scroll of vulnerability {!r!r}
 q - 4 scrolls of identify {@r1}
 x - 2 scrolls of enchant armour
 z - 2 scrolls of amnesia
 F - a scroll of immolation {!r!r}
 R - a scroll of fog
Potions
 k - 3 potions of flight
 p - 7 potions of curing {@q1}
 E - a potion of haste {@q3}
 H - 2 potions of degeneration {!q@e2}
 N - 3 potions of brilliance
Miscellaneous
 V - a box of beasts (inert)
   (You found it on level 9 of the Dungeon)

Dungeon Overview and Level Annotations

Branches:
Dungeon (11/15)            Temple (0/1) D:5            Lair (0/6) D:11
    Orc (0/2) D:10

Altars:
Ashenzari
Dithmenos
Fedhas
Kikubaaqudgha
Nemelex Xobeh
Ru
Uskayaw
Wu Jian
Xom
The Shining One

Shops:
D:1 ?   D:5 *

Annotations:
D:3 exclusion: orc
D:4 2 runed translucent doors, BeKind's ghost, amateur BaFi
D:6 4 runed translucent doors
D:8 exclusion: oklob plant

, ,,, , #.......,
,, , , , ......, ,
, * , . ,, ..... ,
, * , , .. #...,
,, , ,, , ... *
#..# , .... #..# ,
* ..$..* ##..# * ,
, ,, *
......##..)# * ,,
, , ........@..# *
,,, *
*........†..###.
,, *
...#####.....Q....
* , , * . *
##..........** * ,
, , #.....##...>*
* ##.)..## ...* ,
* , * ##.....# *
.. * , , ##)[#..##
. * , , *..*
##.<.#..# * ...


You could see a tengu warrior.


Message History

The hell rat bites you.
* * * LOW HITPOINT WARNING * * *
You climb upwards.
There is a stone staircase leading down, spattered with blood here.
You see here a +0 morningstar {mace}. 😨 HP[-3] MP[+1]
You take 3 damage, and now have 35/88 hp.
Your mp is fully restored (18).
Casting: Vampiric Draining (safe; 1% risk of failure)
Confirm with . or Enter, or press ? or * to list all spells.
You can't see any susceptible monsters within range! (Use Z to cast anyway.) Unknown command.
Casting: Vampiric Draining (safe; 1% risk of failure)
Confirm with . or Enter, or press ? or * to list all spells.
You can't see any susceptible monsters within range! (Use Z to cast anyway.)
Aiming: Throw Flame
Press: ? - help, Shift-Dir - straight line, f - hell rat
Aim: a hell rat (68% to hit)
The puff of flame hits the hell rat but does no damage.
The hell rat barely misses you.
Aiming: Throw Flame
Press: ? - help, Shift-Dir - straight line, f/p - hell rat
Aim: a hell rat (68% to hit)
The puff of flame hits the hell rat.
The hell rat barely misses you. The hell rat completely misses you.
Aiming: Throw Flame
Press: ? - help, Shift-Dir - straight line, f/p - hell rat
Aim: a hell rat (moderately wounded, 68% to hit)
The puff of flame hits the hell rat.
The hell rat bites you. You partially resist.
You feel drained.
You now have 87 max hp (-1).
Aiming: Throw Flame
Press: ? - help, Shift-Dir - straight line, f/p - hell rat
Aim: a hell rat (heavily wounded, 68% to hit)
The puff of flame hits the hell rat.
The hell rat misses you.
Aiming: Throw Flame
Press: ? - help, Shift-Dir - straight line, f/p - hell rat
Aim: a hell rat (severely wounded, 68% to hit)
The puff of flame hits the hell rat.
The hell rat bites you!
* * * LOW HITPOINT WARNING * * *
😨 HP[-5]
You take 5 damage, and now have 30/87 hp.
Aiming: Throw Flame
Press: ? - help, Shift-Dir - straight line, f/p - hell rat
Aim: a hell rat (almost dead, 68% to hit)
The puff of flame hits the hell rat.
You kill the hell rat!
Kikubaaqudgha accepts your kill.
Unknown command.
Done exploring.
Done exploring.
Done exploring.
Done exploring.
Things that are here:
a +0 leather armour; a +0 falchion {long}; an orc skeleton
There is a stone staircase leading down here.
You climb downwards.
The tengu warrior shouts!
The tengu warrior unwields a +0 great mace.
The tengu warrior wields a +0 longbow.
The tengu warrior shoots an arrow.
The arrow hits you.
* * * LOW HITPOINT WARNING * * *
There is a stone staircase leading up here. 😨 HP[-5]
You take 5 damage, and now have 25/87 hp.
You climb upwards.
There is a stone staircase leading down here.
Okay, then.
As you read the scroll of identify {@r1}, it crumbles to dust.
F - a scroll of immolation Unknown command.
Done exploring.
Done exploring.
Done exploring.
Done exploring.
(D) Dungeon (T) Temple (L) Lair (O) Orcish Mines
Where to? (Enter - D:10 @ (x,y), ? - help)
You climb downwards.
The tengu warrior shoots an arrow.
The arrow hits you!!
* * * LOW HITPOINT WARNING * * *
The tengu warrior shoots an arrow.
The arrow misses you. The quokka misses you.
There is a stone staircase leading up, spattered with blood here. 😱 HP[-18]
You take 18 damage, and now have 7/87 hp.
MASSIVE DAMAGE!! (PAUSE) Unknown command.
Okay, then.
Okay, then.
Casting: Vampiric Draining (safe; 1% risk of failure)
Confirm with . or Enter, or press ? or * to list all spells.
Aiming: Vampiric Draining (safe; 1% risk of failure)
Press: ? - help, Shift-Dir - straight line, f - quokka
Aim: a quokka You feel a surge of power!
You draw life force from the quokka!
You kill the quokka!
Kikubaaqudgha accepts your kill.
You feel life coursing into your body.
The tengu warrior shoots an arrow.
The arrow hits you!
You die...
Kikubaaqudgha rasps: "You have failed me!
Welcome... death!"

Skill      XL: |  1  2  3  4  5  6  7  8  9 10 11 |
---------------+----------------------------------+-----
Stealth        | 5 |  5.8
Slings         | 1 3 4 5 6 8 10 11 | 11.2
Armour         | 1 2 3 5 6 8 |  8.7
Necromancy     | 1 2 3 5 6 8 |  8.7
Dodging        | 2 3 4 5 6 8 9 |  9.7
Fighting       | 3 |  3.0
Spellcasting   | 1 |  1.6
Short Blades   | |  1.7
Throwing       | |  1.7

Action                   |  1- 3 |  4- 6 |  7- 9 | 10-12 || total
-------------------------+-------+-------+-------+-------++-------
Melee: Dagger            |    17 |     5 |       |       ||    22
       Kick              |       |     2 |     2 |     3 ||     7
       Hunting sling     |       |     1 |       |       ||     1
       Staff             |       |       |     3 |     9 ||    12
       Punch             |       |       |     1 |       ||     1
 Fire: Hunting sling     |    56 |   101 |   198 |    44 ||   399
       Arbalest          |       |       |     4 |   117 ||   121
Throw: Dart              |       |     4 |     6 |    27 ||    37
 Cast: Vampiric Draining |       |     3 |    90 |   121 ||   214
       Dispel Undead     |       |       |     2 |     7 ||     9
 Abil: Heal Wounds       |       |       |     2 |     8 ||    10
Evoke: Wand              |       |       |     1 |    21 ||    22
       Box of beasts     |       |       |       |     1 ||     1
  Use: Potion            |     4 |     5 |     2 |     7 ||    18
       Scroll            |     3 |     1 |     2 |     3 ||     9
 Stab: Sleeping          |     3 |       |       |       ||     3
Armor: Robe              |     5 |    10 |    29 |     8 ||    52
       Skin              |       |       |       |    15 ||    15
       Steam dragon scal |       |       |       |    29 ||    29
Dodge: Dodged            |     8 |    17 |   125 |   218 ||   368

Levels and vault maps discovered:
D:1:      lightli_arrival_farm, layout_basic, serial_shops, nicolae_square_shop
D:2:      layout_basic, chequers_ecumenical_altar_grove
D:3:      layout_basic
D:4:      layout_gridville, ebering_ghost_disaster_area
D:5:      layout_rooms, mainiacjoe_overflow_boulevard,
          nicolae_overflow_crystal_walls, temple_pool_b, kennysheep_small_square
D:6:      minmay_angry_zag, layout_loops_ring, old_standard_altar,
          dk_noncrumbling_2, minmay_misc_feat_rows,
          minmay_hollow_rounded_squares
D:7:      layout_basic, dreamdust_gnoll_shepherd
D:8:      layout_rooms, tgw_fedhas, gammafunk_temple_overflow_elements,
          uniq_erica, uniq_maggie
D:9:      layout_basic, pdpol_wu_jian_five_deadly_venoms,
          nicolae_tso_carved_into_rock, nemelex_spade_bored_becter
D:10:     layout_basic, nicolae_overflow_hidden_temple, david_orc_4
D:11:     layout_layer_cave, dpeg_lair_monsters, uniq_sonja, uniq_josephine,
          uniq_snorg

Notes
Turn   | Place    | Note
-------+----------+-------------------------------------------
     0 | D:1      | spaghetti the Deep Dwarf Brigand began the quest for the
                  | Orb.
     0 | D:1      | Reached XP level 1. HP: 19/19 MP: 1/1
     0 | D:1      | magus.rc [v1.9.6]
    46 | D:1      | Reached skill level 5 in Stealth
   200 | D:1      | Reached XP level 2. HP: 21/26 MP: 2/2
   420 | D:1      | Found Eruad's Magic Scroll Shop.
   494 | D:1      | Reached skill level 1 in Slings
   885 | D:2      | Reached XP level 3. HP: 17/32 MP: 3/3
  1053 | D:2      | Reached skill level 2 in Slings
  1303 | D:1      | Bought a scroll of identify for 28 gold pieces
  1603 | D:2      | Reached skill level 3 in Slings
  1644 | D:2      | Reached XP level 4. HP: 37/39 MP: 4/4
  1994 | D:2      | Found a faded altar of an unknown god.
  2010 | D:2      | Prayed at the altar of an unknown god.
  2010 | D:2      | Became a worshipper of Kikubaaqudgha
  2010 | D:2      | Reached * piety under Kikubaaqudgha
  2010 | D:2      | You add the spells Animate Skeleton, Pain, Sublimation of
                  | Blood and Vampiric Draining to your library.
  2010 | D:2      | Received a gift from Kikubaaqudgha
  2015 | D:2      | Learned a level 3 spell: Vampiric Draining
  2180 | D:3      | You pick up a book of Burglary and begin reading...
  2180 | D:3      | You add the spells Passwall, Ensorcelled Hibernation and
                  | Swiftness to your library.
  2196 | D:3      | Noticed an ogre
  2212 | D:3      | Killed an ogre
  2213 | D:3      | Reached skill level 4 in Slings
  2213 | D:3      | Reached skill level 1 in Armour
  2213 | D:3      | Reached skill level 1 in Necromancy
  2213 | D:3      | Reached XP level 5. HP: 30/45 MP: 5/5
  2258 | D:3      | You pick up a book of the Spheres and begin reading...
  2258 | D:3      | You add the spells Iskenderun's Battlesphere, Fireball,
                  | Conjure Ball Lightning and Orb of Destruction to your
                  | library.
  2420 | D:3      | Reached ** piety under Kikubaaqudgha
  2421 | D:3      | Gained mutation: You are partially covered in iridescent
                  | scales. (AC +2) [potion of mutation]
  2421 | D:3      | Gained mutation: You are agile. (Dex +2) [potion of
                  | mutation]
  2421 | D:3      | Gained mutation: You have sharp toenails. [potion of
                  | mutation]
  2538 | D:4      | You pick up a book of Maledictions and begin reading...
  2538 | D:4      | You add the spells Tukima's Dance, Anguish and Enfeeble to
                  | your library.
  2556 | D:4      | Noticed an ice beast
  2565 | D:4      | Killed an ice beast
  2566 | D:4      | Reached skill level 2 in Armour
  2566 | D:4      | Reached skill level 2 in Dodging
  2566 | D:4      | Reached skill level 2 in Necromancy
  2566 | D:4      | Reached XP level 6. HP: 24/52 MP: 6/6
  2730 | D:4      | Found a large runed translucent door.
  2731 | D:4      | Found a large runed translucent door.
  2734 | D:4      | Noticed BeKind's ghost (amateur BaFi)
  2744 | D:4      | Reached skill level 5 in Slings
  2751 | D:4      | Noticed an orc warrior
  2756 | D:4      | Killed an orc warrior
  2871 | D:4      | You pick up a book of Maledictions and begin reading...
  2919 | D:4      | Reached skill level 3 in Dodging
  2919 | D:4      | Reached XP level 7. HP: 43/58 MP: 7/7
  2996 | D:4      | Reached skill level 3 in Armour
  2996 | D:4      | Reached skill level 3 in Necromancy
  3216 | D:4      | Reached skill level 6 in Slings
  3812 | D:5      | Entered Level 5 of the Dungeon
  3819 | D:5      | You pick up a book of Rime and begin reading...
  3819 | D:5      | You add the spells Frozen Ramparts, Ice Form and Summon Ice
                  | Beast to your library.
  3846 | D:5      | Found a shadowy altar of Dithmenos.
  4026 | D:5      | Found a staircase to the Ecumenical Temple.
  4172 | D:5      | Reached skill level 4 in Dodging
  4172 | D:5      | Reached XP level 8. HP: 60/66 MP: 8/8
  4254 | D:5      | Identified the +4 rapier "Ninlulik" {vorpal, rF- Int+8 SInv
                  | Stlth+}
  4271 | D:5      | Reached skill level 4 in Armour
  4271 | D:5      | Reached skill level 4 in Necromancy
  4280 | D:5      | Found a shimmering altar of Xom.
  4547 | D:5      | Reached skill level 7 in Slings
  4551 | D:5      | Reached *** piety under Kikubaaqudgha
  4551 | D:5      | You add the spells Animate Dead, Dispel Undead,
                  | Excruciating Wounds and Simulacrum to your library.
  4551 | D:5      | Received a gift from Kikubaaqudgha
  4561 | D:5      | HP: 13/66 [ice beast (13)]
  4582 | D:5      | Learned a level 4 spell: Dispel Undead
  4713 | D:5      | Found Qimne's Assorted Antiques.
  4719 | D:5      | Bought a scroll of identify for 48 gold pieces
  5140 | D:6      | Found a broken altar of Ashenzari.
  5151 | D:6      | Reached skill level 5 in Dodging
  5155 | D:6      | Identified the +6 arbalest of Comnia {penet, rPois Str+4}
  5293 | D:6      | Reached skill level 8 in Slings
  5366 | D:6      | You pick up a book of Debilitation and begin reading...
  5366 | D:6      | You add the spells Slow and Confusing Touch to your
                  | library.
  5392 | D:6      | Reached skill level 5 in Armour
  5392 | D:6      | Reached skill level 5 in Necromancy
  5489 | D:6      | Gained mutation: You passively map the area around you.
                  | [Deep Dwarf growth]
  5489 | D:6      | Reached XP level 9. HP: 73/73 MP: 9/9
  5791 | D:6      | Found a large runed translucent door.
  5791 | D:6      | Found a large runed translucent door.
  5818 | D:6      | Found a large runed translucent door.
  5818 | D:6      | Found a large runed translucent door.
  5910 | D:6      | Noticed a boulder beetle
  5926 | D:6      | HP: 9/73 [boulder beetle (39)]
  5932 | D:6      | Killed a boulder beetle
  5933 | D:6      | Reached skill level 9 in Slings
  5933 | D:6      | Reached skill level 6 in Dodging
  6053 | D:6      | You pick up a book of Ice and begin reading...
  6053 | D:6      | You add the spells Freezing Cloud and Polar Vortex to your
                  | library.
  6100 | D:6      | Reached skill level 6 in Armour
  6100 | D:6      | Reached skill level 6 in Necromancy
  6329 | D:6      | Noticed a komodo dragon
  6341 | D:6      | Killed a komodo dragon
  7017 | D:7      | Reached skill level 10 in Slings
  7416 | D:8      | Noticed a two-headed ogre
  7441 | D:8      | Reached XP level 10. HP: 40/80 MP: 1/9
  7540 | D:8      | HP: 14/80 [two-headed ogre/+0 giant club (26)]
  7542 | D:8      | Killed a two-headed ogre
  7543 | D:8      | Reached skill level 7 in Armour
  7543 | D:8      | Reached skill level 7 in Dodging
  7543 | D:8      | Reached skill level 7 in Necromancy
  7662 | D:8      | HP: 18/80 [gnoll sergeant/+0 spear (4)]
  7708 | D:7      | HP: 16/80 [yak (8)]
  7711 | D:7      | HP: 5/120 [yak (8)]
  7714 | D:7      | Reached **** piety under Kikubaaqudgha
  7716 | D:7      | HP: 22/120 [yak (6)]
  7721 | D:7      | HP: 9/120 [yak (2)]
  8169 | D:7      | Reached skill level 11 in Slings
  8343 | D:8      | Noticed Maggie
  8362 | D:8      | Killed Maggie
  8621 | D:8      | Noticed Erica
  8665 | D:8      | HP: 17/80 [something (8)]
  8668 | D:8      | Killed Erica
  8669 | D:8      | Reached skill level 8 in Dodging
  9068 | D:8      | Found a blossoming altar of Fedhas.
  9086 | D:8      | Noticed an oklob plant
  9089 | D:8      | HP: 15/80 [oklob plant/splash of acid (21)]
  9211 | D:8      | Found a sacrificial altar of Ru.
  9211 | D:8      | Found an ancient bone altar of Kikubaaqudgha.
  9436 | D:8      | HP: 16/78 [troll (7)]
  9438 | D:8      | Reached skill level 8 in Armour
  9438 | D:8      | Reached skill level 8 in Necromancy
  9841 | D:9      | Found a sparkling altar of Nemelex Xobeh.
 10171 | D:9      | Reached XP level 11. HP: 80/86 MP: 8/8
 10210 | D:9      | Found a glowing golden altar of the Shining One.
 10370 | D:9      | Reached skill level 2 in Fighting
 10518 | D:9      | Found an ornate altar of the Wu Jian Council.
 10570 | D:10     | Entered Level 10 of the Dungeon
 10579 | D:10     | Reached skill level 9 in Dodging
 10803 | D:10     | Found a hide-covered altar of Uskayaw.
 11495 | D:10     | Found a staircase to the Orcish Mines.
 11797 | D:11     | Noticed a two-headed ogre
 11800 | D:11     | HP: 13/87 [two-headed ogre/+0 giant spiked club (9)]
 11807 | D:11     | Killed a two-headed ogre
 12266 | D:10     | HP: 8/88 [gargoyle/stone arrow (19)]
 12270 | D:10     | Reached skill level 1 in Spellcasting
 12306 | D:11     | HP: 20/88 [yak (2)]
 12309 | D:11     | Reached skill level 3 in Fighting
 12319 | D:10     | HP: 16/90 [yak (7)]
 12326 | D:10     | HP: 15/90 [yak (2)]
 12332 | D:10     | HP: 12/90 [yak (3)]
 12333 | D:10     | HP: 4/90 [yak (8)]
 12364 | D:10     | HP: 12/90 [yak (9)]
 12812 | D:11     | Found a staircase to the Lair.
 12812 | D:11     | Noticed a death yak
 12814 | D:11     | Noticed a death yak
 12815 | D:11     | Noticed a death yak
 12875 | D:11     | Noticed a tengu warrior
 12880 | D:11     | HP: 7/87 [tengu warrior/arrow (18)]
 12881 | D:11     | Shot with an arrow by a tengu warrior

Vanquished Creatures
  A boulder beetle (D:6)
  Erica (D:8)
  2 two-headed ogres
  A gargoyle (D:10)
  Maggie (D:8)
  A komodo dragon (D:6)
  A troll (D:8)
  A shadow (D:9)
  A wyvern (D:9)
  A wraith (D:11)
  A vampire (D:10)
  10 yaks
  3 water moccasins
  6 ice beasts
  11 orc warriors
  2 sky beasts
  5 ogres
  3 centaurs
  A phantom (D:6)
  3 necrophages
  A gnoll sergeant (D:8)
  3 scorpions
  2 bullfrogs (D:6)
  3 wights (D:9)
  11 killer bees
  4 howler monkeys
  2 gnoll shamans
  11 orc priests
  3 hounds
  2 jellies
  2 iguanas
  15 orc wizards
  A hell rat (D:10)
  10 gnolls
  4 adders
  3 shadow imps (D:6)
  An ufetubus (D:6)
  A worm (D:2)
  2 dart slugs (D:1)
  46 orcs
  6 endoplasms
  4 giant cockroaches
  10 goblins
  5 hobgoblins
  3 jackals (D:3)
  8 quokkas
  2 ball pythons (D:3)
  3 bats
  4 frilled lizards
  4 kobolds
  4 rats
236 creatures vanquished.

Vanquished Creatures (others)
  6 plants
  22 toadstools (D:8)
28 creatures vanquished.

Grand Total: 264 creatures vanquished

Table legend:
 A = Non-vault XP
 B = Vault XP
 C = Vault XP percentage of total XP
 D = Non-vault monster count
 E = Vault monster count
 F = Vault count percentage of total count
                 A         B        C        D         E       F
            +---------+---------+-------+---------+---------+-------
      Total |   11217 |    4156 |  27.0 |     204 |      32 |  13.6
            +---------+---------+-------+---------+---------+-------
        D:1 |      38 |       0 |   0.0 |      19 |       0 |   0.0
        D:2 |      74 |       0 |   0.0 |      15 |       0 |   0.0
        D:3 |     194 |       0 |   0.0 |      22 |       0 |   0.0
        D:4 |     898 |       0 |   0.0 |      21 |       0 |   0.0
        D:5 |     737 |       0 |   0.0 |      24 |       0 |   0.0
        D:6 |    1192 |    1605 |  57.4 |      22 |      10 |  31.2
        D:7 |     891 |     602 |  40.3 |      12 |       3 |  20.0
        D:8 |    2638 |    1252 |  32.2 |      26 |       3 |  10.3
        D:9 |    1261 |       0 |   0.0 |      17 |       0 |   0.0
       D:10 |    1624 |     693 |  29.9 |      17 |      14 |  45.2
       D:11 |    1670 |       4 |   0.2 |       9 |       2 |  18.2
            +---------+---------+-------+---------+---------+-------

Illustrated notes

Table legend:
 A = Kills in this place as a percentage of kills in entire the game.
 B = Kills by you in this place as a percentage of kills by you in the entire game.
 C = Kills by friends in this place as a percentage of kills by friends in the entire game.
 D = Other kills in this place as a percentage of other kills in the entire game.
 E = Experience gained in this place as a percentage of experience gained in the entire game.
 F = Experience gained in this place divided by the number of levels of this place that you have seen.
                   A       B       C       D       E      F
               +-------+-------+-------+-------+-------+----------------------
         Total | 100.0 | 100.0 |   N/A |   N/A | 100.0 | 1397.5
       Dungeon | 100.0 | 100.0 |   N/A |   N/A | 100.0 | 1397.5
               +-------+-------+-------+-------+-------+----------------------

Table legend: (Time is in decaauts)
 A = Elapsed time spent in this place.
 B = Non-inter-level travel time spent in this place.
 C = Inter-level travel time spent in this place.
 D = Time resting spent in this place.
 E = Time spent auto-exploring this place.
 F = Levels seen in this place.
 G = Mean time per level.
                   A        B        C        D        E       F      G
               +--------+--------+--------+--------+--------+-----+--------+
         Total |  13025 |  12242 |    783 |   1487 |   8953 |  11 | 1184.1 |
       Dungeon |  13025 |  12242 |    783 |   1487 |   8953 |  11 | 1184.1 |
               +--------+--------+--------+--------+--------+-----+--------+

Top non-repeatable levels by time:
    D:10: 2070 daAuts
     D:6: 1803 daAuts
     D:8: 1540 daAuts
     D:7: 1491 daAuts
     D:4: 1378 daAuts
     D:2: 1243 daAuts
     D:9: 1108 daAuts
     D:5: 891 daAuts
     D:1: 875 daAuts
     D:3: 436 daAuts
    D:11: 185 daAuts
